 Dungeon Crawl Stone Soup version 0.22-a0-601-gb0ed703 (webtiles) character file.

88 sking99 the Ruffian (level 4, -2/37 HPs)
             Began as a Draconian Transmuter on July 6, 2018.
             Slain by an orc priest
             ... wielding a +0 flail
              (6 damage)
             ... on level 3 of the Dungeon.
             The game lasted 00:04:14 (2479 turns).

sking99 the Ruffian (Draconian Transmuter)          Turns: 2479, Time: 00:04:14

Health: -2/37      AC:  5    Str: 12    XL:     4   Next: 29%
Magic:  7/7        EV: 12    Int: 15    God:
Gold:   110        SH:  0    Dex: 11    Spells: 4/7 levels left

rFire    + . .     SeeInvis .     - Unarmed
rCold    + . .     Gourm    .   (no shield)
rNeg     . . .     Faith    .   (armour unavailable)
rPois    .         Spirit   .   (helmet restricted)
rElec    .         Reflect  .   k - scarf {rC+ rF+}
rCorr    .         Harm     .   (no gloves)
MR       .....                  (no boots)
Stlth    +.........             (no amulet)
HPRegen  0.12/turn              (no ring)
MPRegen  0.10/turn              (no ring)

@: very slightly contaminated
A: unfitting armour, cold-blooded, AC +5
a: no special abilities


You were on level 3 of the Dungeon.
You were not hungry.

You visited 1 branch of the dungeon, and saw 3 of its levels.

You collected 110 gold pieces.

Inventory:

Missiles
 a - 10 arrows
Armour
 k - a scarf of resistance (worn)
Jewellery
 e - an uncursed amulet of the acrobat {unknown}
Wands
 m - a wand of iceblast (12)
 p - a wand of digging (11)
Scrolls
 i - 2 scrolls of magic mapping {unknown}
 j - a scroll of remove curse {unknown}
 l - 2 scrolls of identify {unknown}
 o - a scroll of noise {unknown}
 r - a scroll of teleportation {unknown}
Potions
 b - a potion of resistance {unknown}
 d - a potion of brilliance {unknown}
 f - a potion of cancellation {unknown}
 g - a potion of lignification {unknown}
 h - a potion of curing {unknown}
 n - a potion of might {unknown}
Comestibles
 c - 10 rations
 q - 2 chunks of flesh


   Skills:
 + Level 2.3 Fighting
 - Level 1.7 Dodging
 * Level 4.2 Unarmed Combat
 - Level 2.0 Spellcasting
 + Level 2.8 Transmutations


You had 4 spell levels left.
You knew the following spells:

 Your Spells              Type           Power        Failure   Level  Hunger
a - Beastly Appendage     Tmut           ##....       7%          1    #......
b - Sticks to Snakes      Tmut           ##......     11%         2    ###....

Your spell library contained the following spells:

 Spells                   Type           Power        Failure   Level  Hunger
 Spider Form              Tmut/Pois      #.........   36%         3    ###....
 Blade Hands              Tmut           ##........   88%         5    ######.
 Ice Form                 Ice/Tmut       #.......     77%         4    #####..


Dungeon Overview and Level Annotations

Branches:
Dungeon (3/15)

Altars:
Ashenzari


Innate Abilities, Weirdness & Mutations

Your plain brown scales are hard. (AC +5)
You cannot fit into any form of body armour.
You are cold-blooded and may be slowed by cold attacks.


Message History

You hit the orc priest.
The orc priest is lightly wounded.
The orc priest calls down the wrath of Beogh upon you.
Beogh smites you!
You are too injured to fight recklessly!
You hit the orc priest. You tail-slap the orc priest.
The orc priest is heavily wounded.
The orc priest hits you but does no damage.
You barely miss the orc priest.
The orc priest is heavily wounded.
You hit the orc.
Your tail-slap misses the orc.
The orc is moderately wounded.
The orc misses you.
You hit the orc.
You kill the orc!
The orc priest mumbles some strange prayers to Beogh against you.
Beogh smites you!
* * * LOW HITPOINT WARNING * * *
The orc priest hits you with a flail.
You die...

#.#
#####
#.#
#....
#.#
#.###
#.#
#.###
#.#
#.###
#.#
#....
#.#
#####
#.#
#@#
#o#
#o#
#o#
#.#
#.#
#.#
..#
..#


You could see an orc priest and 2 orcs.

Vanquished Creatures
  Terence (D:2)
  A gnoll (D:1)
  An adder (D:2)
  A worm (D:2)
  A dart slug (D:2)
  A leopard gecko (D:1)
  An orc (D:3)
  11 goblins
  2 hobgoblins
  A quokka (D:3)
  7 bats
  A frilled lizard (D:2)
  5 kobolds
  3 rats
37 creatures vanquished.

Notes
Turn   | Place    | Note
-------+----------+-------------------------------------------
     0 | D:1      | sking99 the Draconian Transmuter began the quest for the Orb.
     0 | D:1      | Reached XP level 1. HP: 16/16 MP: 3/3
    23 | D:1      | Reached XP level 2. HP: 11/23 MP: 3/5
   326 | D:1      | Learned a level 2 spell: Sticks to Snakes
   688 | D:1      | Reached XP level 3. HP: 29/29 MP: 6/6
  1301 | D:2      | Noticed Terence
  1322 | D:2      | HP: 1/29 [poisoned by an adder]
  1638 | D:2      | Killed Terence
  1638 | D:2      | Reached skill level 4 in Unarmed Combat
  1638 | D:2      | Reached XP level 4. HP: 15/36 MP: 0/7
  2400 | D:3      | Found a shattered altar of Ashenzari.
  2479 | D:3      | Slain by an orc priest

Vault maps used:
D:1:      evilmike_arrival_crescent, nrook_loot_triangle, minmay_three_crescents
D:2:      first_ration, uniq_terence
D:3:      cheibrodos_ashenzari_chains

Skill      XL: |  1  2  3 |
---------------+----------+-----
Fighting       | 2 |  2.3
Unarmed Combat | 4 |  4.2
Dodging        | |  1.7
Spellcasting   | |  2.0
Transmutations | |  2.8

Action                   |  1- 3 |  4- 6 || total
-------------------------+-------+-------++-------
Melee: Unarmed           |   101 |    44 ||   145
       Tailslap          |    14 |     6 ||    20
       Headbutt          |     2 |       ||     2
       Kick              |     3 |     2 ||     5
       Punch             |     1 |       ||     1
 Cast: Beastly Appendage |     4 |     1 ||     5
       Sticks to Snakes  |     2 |       ||     2
 Stab: Distracted        |     1 |       ||     1
       Sleeping          |     1 |       ||     1
  Eat: Chunk             |     2 |     3 ||     5
Armor: Skin              |    21 |     3 ||    24
Dodge: Dodged            |    69 |    20 ||    89

Table legend:
 A = Spawn XP
 B = Non-spawn XP
 C = Spawn XP percentage of total XP
 D = Spawn monster count
 E = Non-spawn monster count
 F = Spawn count percentage of total count
 G = Total turns spent on level
                    A         B        C        D         E        F      G
               +---------+---------+-------+---------+---------+-------+---------
         Total |       0 |     126 |   0.0 |       0 |      37 |   0.0 |  2479
               +---------+---------+-------+---------+---------+-------+---------
           D:1 |       0 |      47 |   0.0 |       0 |      20 |   0.0 |  1458
           D:2 |       0 |      70 |   0.0 |       0 |      13 |   0.0 |   782
           D:3 |       0 |       9 |   0.0 |       0 |       4 |   0.0 |   239
               +---------+---------+-------+---------+---------+-------+---------
